 Dungeon Crawl Stone Soup version 0.31-a0-188-g5e087ee2ca (webtiles) character file.

Game seed: 17572722530988468866

22 qw the Shooter (level 2, 0/16 HPs)
             Began as a Deep Elf Hunter on June 23, 2023.
             Succumbed to an adder's poison
             ... on level 1 of the Dungeon.
             The game lasted 00:00:18 (819 turns).

qw the Shooter (Deep Elf Hunter)                     Turns: 819, Time: 00:00:18

Health: 0/16       AC:  3    Str:  8    XL:     2   Next: 68%
Magic:  4/4        EV: 12    Int: 13    God:
Gold:   22         SH:  0    Dex: 18    Spells: 1/1 levels left

rFire   . . .        Y - +0 shortbow
rCold   . . .        (shield currently unavailable)
rNeg    . . .        c - +0 leather armour
rPois   .            (no helmet)
rElec   .            (no cloak)
rCorr   .            (no gloves)
SInv    .            (no boots)
Will    .....        (no amulet)
Stlth   ++           (no ring)
HPRegen 0.22/turn    (no ring)
MPRegen 0.09/turn

%: no passive effects
@: lethally poisoned (0 -> -8)
A: no striking features
a: no special abilities


You were on level 1 of the Dungeon.
You visited 1 branch of the dungeon, and saw 2 of its levels.

You collected 22 gold pieces.


   Skills:
 - Level 1.5 Fighting
 + Level 6.4 Ranged Weapons
 - Level 2.4 Dodging
 - Level 1.2 Stealth


You had one spell level left.
You didn't know any spells.
Your spell library was empty.

Inventory:

Hand Weapons
 Y - a +0 shortbow (weapon)
Armour
 c - a +0 leather armour (worn)
Potions
 f - a potion of mutation {unknown}
 g - a potion of curing
 i - a potion of invisibility {unknown}
 j - a potion of heal wounds {unknown}

Dungeon Overview and Level Annotations

Branches:
Dungeon (2/15)

Altars:


Message History

There is a stone staircase leading down here.
You climb downwards.
Found a mace and 14 gold pieces.
There is a stone staircase leading up here.
There are monsters nearby!
Waypoint 1 assigned to D:2.
You shoot an arrow.
The arrow hits the dart slug but does no damage.
You hear an angry hiss.
The frilled lizard hisses angrily.
You shoot an arrow. The arrow hits the dart slug.
The dart slug is moderately wounded.
You shoot an arrow. The arrow hits the dart slug.
The dart slug is severely wounded.
An adder comes into view.
A quokka comes into view.
You shoot an arrow. The arrow hits the dart slug.
You kill the dart slug!
The adder closely misses you. The adder bites you.
You are poisoned.
The adder poisons you!
You shoot an arrow. The arrow barely misses the adder.
You feel sick. The frilled lizard bites you. The adder closely misses you.
815 ||| STAIRDANCE You feel sick.
The adder closely misses you. The frilled lizard barely misses you.
You climb upwards.
You feel sick.
There is a stone staircase leading down here.
You shoot an arrow. The arrow misses the adder.
You feel sick.
You are no longer poisoned.
The adder bites you.
You are poisoned.
The adder poisons you!
The frilled lizard bites you but does no damage.
The adder bites you.
You shoot an arrow. The arrow closely misses the adder.
You feel sick. The frilled lizard barely misses you. The adder bites you.
You are more poisoned.
The adder poisons you!
The frilled lizard completely misses you.
You shoot an arrow. The arrow barely misses the adder.
You die...

#.# #.# #...........[.... #.#
#.# ###.#.........#..
#.#####.#####.#.####.##....
#.............#.####.####..
#######...#####.##......##.
############.#####..#.#.##.##.
#...............###.#.#.##.##.
#.##########.##.# #.....##.##.
#.# #...@l.# #...###..... #.#
####.###S.###...# #.)#.# #.#
#%...# #........# #.....
#.#####.##.###..##..### #.###.
#.......##......##..# ##.###.
######..####.##.##..####...##.
#..# #.##......)...#.... #..#
#........####..#### #..#
#######..####.##..#


You could see an adder and a frilled lizard.

Vanquished Creatures
  A dart slug (D:2)
  2 endoplasms (D:1)
  4 goblins (D:1)
  A hobgoblin (D:1)
  3 jackals (D:1)
  A quokka (D:1)
  A ball python (D:1)
  2 bats (D:1)
  2 kobolds (D:1)
  A rat (D:1)
18 creatures vanquished.

Notes
Turn   | Place    | Note
-------+----------+-------------------------------------------
     0 | D:1      | qw the Deep Elf Hunter began the quest for the Orb.
     0 | D:1      | Reached XP level 1. HP: 12/12 MP: 3/3
     0 | D:1      | 0 ||| qw: Version: 0.3-a-9-g12657ce
     0 | D:1      | 0 ||| qw: Game counter: 4423
     0 | D:1      | 0 ||| qw: Always use a shield: true
     0 | D:1      | 0 ||| qw: God list: Okawaru
     0 | D:1      | 0 ||| qw: Allow faded altars: false
     0 | D:1      | 0 ||| qw: Do Orc after D:15 true
     0 | D:1      | 0 ||| qw: Do second Lair branch before Depths: true
     0 | D:1      | 0 ||| qw: Lair rune preference: random
     0 | D:1      | 0 ||| qw: Plans: Normal
     0 | D:1      | 0 ||| PLANNING D:1-11
   177 | D:1      | Reached XP level 2. HP: 5/16 MP: 4/4
   178 | D:1      | Reached skill level 6 in Ranged Weapons
   363 | D:1      | 363 ||| DROPPING +2 antimagic sling.
   783 | D:1      | 783 ||| READING 3 scrolls labelled WUCYP BEIPHUAG.
   784 | D:1      | 784 ||| READING scroll labelled DIEKUPE UZXY.
   785 | D:1      | 785 ||| READING scroll labelled ERHEICKA IGOT.
   788 | D:1      | 788 ||| DRINKING 2 ruby potions.
   789 | D:1      | 789 ||| DROPPING 2 scrolls of noise.
   790 | D:1      | 790 ||| DROPPING scroll of butterflies.
   815 | D:2      | 815 ||| STAIRDANCE
   818 | D:1      | HP: 2/16 [adder (3)]
   819 | D:1      | Succumbed to an adder's poison

Levels and vault maps discovered:
D:1:      matt_arrival_grand_opening, layout_loops_ring
D:2:      layout_rooms, chequers_ecumenical_altar_simple

Skill      XL: |  1  2 |
---------------+-------+-----
Ranged Weapons | 6 |  6.4
Fighting       | |  1.5
Dodging        | |  2.4
Stealth        | |  1.2

Action                     || total
---------------------------++-------
   Fire: Shortbow          ||    69
    Use: Scroll            ||     3
         Potion            ||     1
 Armour: Leather armour    ||    12
  Dodge: Dodged            ||    35

Table legend:
 A = Non-vault XP
 B = Vault XP
 C = Vault XP percentage of total XP
 D = Non-vault monster count
 E = Vault monster count
 F = Vault count percentage of total count
                 A         B        C        D         E       F
            +---------+---------+-------+---------+---------+-------
      Total |      32 |       0 |   0.0 |      18 |       0 |   0.0
            +---------+---------+-------+---------+---------+-------
        D:1 |      28 |       0 |   0.0 |      17 |       0 |   0.0
        D:2 |       4 |       0 |   0.0 |       1 |       0 |   0.0
            +---------+---------+-------+---------+---------+-------
